 Dungeon Crawl Stone Soup version 0.30-a0-760-g5a9884bb7c (webtiles) character file.

Game seed: 18000144628692047897

68 BRD the Ducker (level 4, 0/34 HPs)
             Began as a Demonspawn Gladiator on Feb 11, 2023.
             Slain by a gnoll
             ... wielding a +0 spear
              (3 damage)
             ... on level 3 of the Dungeon.
             The game lasted 00:02:16 (1646 turns).

BRD the Ducker (Demonspawn Gladiator)               Turns: 1646, Time: 00:02:17

Health: 0/34       AC:  7    Str: 14    XL:     4   Next: 1%
Magic:  4/4        EV: 17    Int: 12    God:
Gold:   113        SH:  0    Dex: 14    Spells: 3/3 levels left

rFire   . . .      SeeInvis .    a - +0 war axe
rCold   . . .      Faith    .    (no shield)
rNeg    . . .      Spirit   .    b - +0 leather armour
rPois   .          Reflect  .    (helmet restricted)
rElec   .          Harm     .    (no cloak)
rCorr   .          Rampage  .    r - +0 pair of gloves
Will    .....                    m - +2 pair of boots {Stlth+}
Stlth   ++                       (no amulet)
HPRegen 0.25/turn                (no ring)
MPRegen 0.09/turn                (no ring)

@: agile
A: antennae 1, powered by pain 1
a: no special abilities


You were on level 3 of the Dungeon.
You visited 1 branch of the dungeon, and saw 3 of its levels.

You collected 113 gold pieces.

Inventory:

Hand Weapons
 a - a +0 war axe (weapon)
Missiles
 d - 3 throwing nets
 e - a javelin (quivered)
Armour
 b - a +0 leather armour (worn)
 c - a +0 helmet
 m - a +2 pair of boots of stealth (worn)
 r - a +0 pair of gloves (worn)
Scrolls
 g - 2 scrolls of teleportation {unknown}
 j - 3 scrolls of identify {unknown}
 l - a scroll of torment {unknown}
 o - 3 scrolls of enchant weapon {unknown}
 q - a scroll of blinking {unknown}
 s - a scroll of poison {unknown}
 u - a scroll of magic mapping {unknown}
Potions
 f - a potion of berserk rage {unknown}
 h - 3 potions of cancellation {unknown}
 i - a potion of curing {unknown}
 k - a potion of lignification {unknown}
 n - 2 potions of heal wounds {unknown}
 p - a potion of invisibility {unknown}
 t - a potion of might {unknown}


   Skills:
 + Level 2.8 Fighting
 + Level 3.3 Axes
 - Level 2.0 Throwing
 + Level 0.5 Armour
 + Level 3.3 Dodging


You had 3 spell levels left.
You didn't know any spells.
Your spell library contained the following spells:

 Spells                   Type           Power      Damage    Failure   Level
 Apportation              Tloc           0%         N/A       38%         1
 Necrotise                Necr           0%         1d4       38%         1
 Summon Small Mammal      Summ           0%         N/A       38%         1
 Sublimation of Blood     Necr           0%         N/A       54%         2
 Wereblood                Tmut           0%         N/A       54%         2
 Alistair's Intoxication  Tmut/Pois      0%         N/A       100%        5
 Summon Hydra             Summ           0%         N/A       100%        7


Dungeon Overview and Level Annotations

Branches:
Dungeon (3/15)

Altars:


Innate Abilities, Weirdness & Mutations

You have a pair of small antennae on your head.
You sometimes gain a little power by taking damage.


Message History

You slash the gnoll!
The gnoll is almost dead.
The gnoll misses you.
You barely miss the gnoll.
The gnoll is almost dead.
The gnoll barely misses you. x2
You barely miss the gnoll.
The gnoll is almost dead.
The gnoll closely misses you.
The gnoll hits you from afar with a +0 spear.
* * * LOW HITPOINT WARNING * * *
You focus on the pain.
You feel agile all of a sudden. The gnoll misses you.
The gnoll closely misses you.
You slash the gnoll!
You kill the gnoll!
The gnoll barely misses you.
You have reached level 4!
You feel clever.
Your demonic ancestry asserts itself...
A pair of antennae grows on your head!
Your +0 helmet falls away!
A rat comes into view.
The gnoll closely misses you.
You see here a +0 halberd.
You hit the gnoll. Your punch misses the gnoll.
The gnoll is moderately wounded.
The rat bites the plant.
The plant begins to die.
The gnoll closely misses you.
The rat splashes around in the water.
The gnoll hits you with a +0 spear.
* * * LOW HITPOINT WARNING * * *
You closely miss the gnoll.
The gnoll is moderately wounded.
The rat bites the plant.
The gnoll hits you with a +0 spear.
* * * LOW HITPOINT WARNING * * *
You closely miss the gnoll.
The gnoll is moderately wounded.
The rat bites the plant.
The gnoll misses you.
You hit the gnoll.
The gnoll is heavily wounded.
The rat bites the plant.
The gnoll hits you with a +0 spear.
You die...

.P~~~ ^~~P P~~♣
P~~♣ P~~♣♣
##P.~~♣~♣
#.gr~.~P~ . #@#
.. #.# #.. #)#
###..##.######.#
...............#
####.......#####
#.......###
#...(.....#
#.#..
..........#.#
#.#.#


You could see a gnoll and a rat.

Vanquished Creatures
  2 gnolls (D:3)
  An adder (D:2)
  A dart slug (D:2)
  2 ball pythons
  5 bats
  An endoplasm (D:3)
  2 giant cockroaches (D:1)
  5 goblins (D:1)
  6 hobgoblins (D:1)
  2 kobolds (D:1)
  2 quokkas
  4 frilled lizards
  3 rats
36 creatures vanquished.

Vanquished Creatures (others)
  3 plants (D:3)
3 creatures vanquished.

Grand Total: 39 creatures vanquished

Notes
Turn   | Place    | Note
-------+----------+-------------------------------------------
     0 | D:1      | BRD the Demonspawn Gladiator began the quest for the Orb.
     0 | D:1      | Reached XP level 1. HP: 16/16 MP: 1/1
   142 | D:1      | Gained mutation: You sometimes gain a little power by
                  | taking damage. [demonic ancestry]
   142 | D:1      | Reached XP level 2. HP: 22/22 MP: 2/2
  1012 | D:2      | Reached XP level 3. HP: 28/28 MP: 3/3
  1642 | D:3      | Gained mutation: You have a pair of small antennae on your
                  | head. [demonic ancestry]
  1642 | D:3      | Reached XP level 4. HP: 11/34 MP: 4/4
  1646 | D:3      | Slain by a gnoll

Illustrated notes

Levels and vault maps discovered:
D:1:      dpeg_arrival_rhombi, layout_basic, serial_park_tiny_1
D:2:      layout_loops_ring, bh_walls_and_bars
D:3:      layout_loops_ring, elyvilon_altar_4, serial_bayou_pond_b,
          chequers_mini_garden, minmay_tree_intersection, minmay_misc_feat_chi,
          serial_bayou_pond_c, uniq_pargi

Skill      XL: |  1  2 |
---------------+-------+-----
Throwing       | 2 |  2.0
Axes           | 3 |  3.3
Dodging        | 3 |  3.3
Fighting       | |  2.8
Armour         | |  0.5

Action                     |  1- 3 |  4- 6 || total
---------------------------+-------+-------++-------
  Melee: War axe           |    81 |     4 ||    85
         Punch             |     1 |       ||     1
   Stab: Sleeping          |     2 |       ||     2
 Armour: Leather armour    |    28 |       ||    28
  Dodge: Dodged            |    64 |     3 ||    67

Table legend: (Time is in decaauts)
 A = Elapsed time spent in this place.
 B = Non-inter-level travel time spent in this place.
 C = Inter-level travel time spent in this place.
 D = Time resting spent in this place.
 E = Time spent auto-exploring this place.
 F = Levels seen in this place.
 G = Mean time per level.
                   A        B        C        D        E       F      G
               +--------+--------+--------+--------+--------+-----+--------+
         Total |   1674 |   1539 |    135 |      4 |   1200 |   3 |  558.0 |
       Dungeon |   1674 |   1539 |    135 |      4 |   1200 |   3 |  558.0 |
               +--------+--------+--------+--------+--------+-----+--------+

Top non-repeatable levels by time:
     D:1: 957 daAuts
     D:2: 646 daAuts
     D:3: 70 daAuts
